 Dungeon Crawl Stone Soup version 0.13-a0-2700-g8dc4729 (webtiles) character file.

101 M4edhros the Charlatan (level 3, -5/24 HPs)
             Began as an Octopode Artificer on Aug 15, 2013.
             Slain by a gnoll
             ... wielding a +1,+1 spear of freezing
              (6 damage)
             ... on Level 2 of the Dungeon.
             The game lasted 00:02:22 (1086 turns).

M4edhros the Charlatan (Octopode Artificer)         Turns: 1086, Time: 00:02:23

HP  -5/24        AC  1     Str 10      XL: 3   Next: 58%
MP   5/5         EV 12     Int 15      God:
Gold 58          SH  0     Dex 12      Spells:  0 memorised,  2 levels left

Res.Fire  : . . .   See Invis. : .   h - +3,+1 elf spear
Res.Cold  : . . .   Warding    : .   (no shield)
Life Prot.: . . .   Conserve   : .   (helmet restricted)
Res.Poison: .       Res.Corr.  : .   (no amulet)
Res.Elec. : .       Clarity    : .   (no ring)
Sust.Abil.: . .     Spirit.Shd : .   (no ring)
Res.Mut.  : .       Stasis     : .   (no ring)
Res.Rott. : .       Flight     : .   (no ring)
Saprovore : . . .                    (no ring)
                                     (no ring)
                                     (no ring)
                                     (no ring)

@: not resistant to hostile enchantments, stealthy
A: almost no armour, amphibious, 8 rings, constrict 8, camouflage 1, AC +1
a: no special abilities


You were on level 2 of the Dungeon.
You were hungry.

You visited 1 branch of the dungeon, and saw 2 of its levels.

You collected 38 gold pieces.

Inventory:

Hand weapons
 h - a +3,+1 elven spear (weapon)
Magical devices
 b - a wand of flame (13)
 c - a wand of enslavement (13)
 d - a wand of random effects (15)
 k - a wand of flame (12)
Comestibles
 f - a bread ration
Scrolls
 e - 2 scrolls of identify {unknown}
 i - a scroll of recharging
Jewellery
 a - an uncursed ring of fire {unknown}
Potions
 g - a potion of brilliance {unknown}
 j - a potion of resistance {unknown}


   Skills:
 + Level 1.5 Fighting
   Level 1.0 Short Blades
 + Level 1.4 Polearms
 - Level 2.0 Dodging
 - Level 1.3 Stealth
 + Level 4.4 Evocations


You had 2 spell levels left.
You didn't know any spells.

Dungeon Overview and Level Annotations

Branches:
Dungeon (2/27)

Altars:


Innate Abilities, Weirdness & Mutations

You cannot wear most types of armour.
You are amphibious.
You can wear up to eight rings at the same time.
You can use your tentacles to constrict many enemies at once.
Your skin changes colour to match your surroundings (Stlth).
Your rubbery body absorbs attacks (AC +1).


Message History

Your gnoll hits the gnoll from afar with a spear of freezing!
Your gnoll freezes the gnoll.
The gnoll dies!
You see here a giant gecko corpse.
You swap places.
Things that are here:
a halberd; a sling You start resting.
You are feeling hungry.
You start resting.
The gnoll is no longer charmed.
The gnoll hits you with a spear of freezing.
The gnoll freezes you.
You barely miss the gnoll. You grab the gnoll.
The gnoll is heavily wounded.
You constrict the gnoll.
The gnoll hits you with a spear of freezing!
* * * LOW HITPOINT WARNING * * *
The gnoll freezes you!
You die...

#.....######.##
+.............. .
#.....######.######)#
##.....### #.##.....#
.........# #.##.....#
##+##....# #.##.....#
#....# #.##.....#
#....####.##.....#
#....'...(%g@(..>#
##+##....#######....##
.........# ####....###
.........# #.........#
.........#
#............
.........#
#...........
##########
#...........
#.........##
##........#


You could see a gnoll.

Vanquished Creatures
  An adder (D:2)
  A giant gecko (D:2)
  An ooze (D:2)
  2 giant cockroaches
  A hobgoblin (D:1)
  3 jackals (D:2)
  2 kobolds (D:1)
  A ball python (D:1)
  5 bats
  A giant newt (D:1)
  4 rats (D:1)
22 creatures vanquished.

Vanquished Creatures (collateral kills)
  2 gnolls (D:2)
  A hobgoblin (D:1)
3 creatures vanquished.

Grand Total: 25 creatures vanquished

Notes
Turn   | Place    | Note
--------------------------------------------------------------
     0 | D:1      | M4edhros, the Octopode Artificer, began the quest for the Orb.
     0 | D:1      | Reached XP level 1. HP: 14/14 MP: 1/1
   346 | D:1      | Reached skill level 4 in Evocations
   346 | D:1      | Reached XP level 2. HP: 17/19 MP: 3/3
   895 | D:2      | Reached skill level 1 in Polearms
   895 | D:2      | Reached XP level 3. HP: 21/24 MP: 5/5
  1086 | D:2      | HP: 1/24 [gnoll/spear of freezing (11)]
  1086 | D:2      | Slain by a gnoll

Action                   || total
-------------------------++-------
Melee: Short sword       ||    10
       Spear             ||    53
Evoke: Wand              ||     4
 Stab: Sleeping          ||     4
